Map: Alcyone LE

Players

gnorf - Winner!

  • Race: Zerg Zerg
  • League: Diamond
  • Spawn Location: 7:00

Subwayeatn

  • Race: Zerg Zerg
  • League: Platinum
  • Spawn Location: 1:00

VOD

Have the link to the VOD?

Description

Time

  • Played on: Nov. 13, 2023, 8:59 p.m.
  • Length: 17:18
Show
View Real Time Build Order
Export as new Build Order

gnorf Zerg - Winner!

Build Orders: Pool First 

Get SALT Encoding   

  12  0:00  Drone  
  13  0:11  Drone  
  14  0:17  Overlord  
  14  0:35  Drone x3  
  17  0:48  Spawning Pool  
  17  0:49  Drone  
  17  0:54  Extractor  
  16  0:57  Drone  
  18  1:13  Hatchery  
  18  1:16  Drone  
  18  1:22  Extractor  
  17  1:35  Overlord  
  17  1:36  Zergling x2  
  17  1:37  Queen  
  20  1:45  Drone  
  21  1:57  Zergling x2  
  22  2:07  Zergling x2  
  23  2:16  Drone  
  23  2:21  Queen  
  26  2:26  Drone x2  
  28  2:35  Metabolic Boost  
  28  2:38  Drone  
  28  2:39  Drone  
  30  2:45  Drone, Queen  
  30  2:47  Overlord  
  33  2:57  Queen  
  35  3:04  Drone  
  36  3:06  Overlord  
  36  3:07  Drone  
  37  3:16  Drone  
  37  3:17  Drone  
  39  3:49  Drone x9  
  39  3:55  Extractor  
  47  4:00  Roach Warren  
  46  4:04  Evolution Chamber  
  45  4:10  Zergling x2  
  45  4:11  Zergling x6  
  49  4:22  Drone  
  49  4:23  Drone x2  
  52  4:26  Overlord x2, Hatchery  
  52  4:27  Overlord, Extractor  
  50  4:50  Lair, Evolution Chamber x2  
  50  4:51  Hatchery  
  47  4:55  Roach x2  
  47  4:56  Roach x2  
  47  4:59  Roach  
  57  5:09  Roach  
  57  5:12  Roach  
  61  5:16  Drone x2  
  61  5:17  Drone x2  
  65  5:24  Drone x2  
  65  5:25  Drone x2  
  69  5:39  Drone x3  
  72  5:43  Drone  
  72  5:47  Queen x3  
  79  5:57  Drone x2  
  79  5:58  Drone  
  79  6:01  Zerg Missile Weapons Level 1  
  79  6:03  Overlord, Roach x3  
  88  6:13  Overlord x2  
  88  6:14  Overlord  
  88  6:16  Pneumatized Carapace  
  88  6:18  Overlord  
  88  6:21  Zerg Ground Armor Level 1  
  88  6:23  Queen  
  89  6:33  Roach x3  
  89  6:35  Drone  
  89  6:36  Drone  
  89  6:37  Extractor  
  89  6:38  Drone x4  
  89  6:39  Extractor  
  99  6:40  Zergling x2  
  99  6:41  Zergling x4  
  102  6:51  Overlord  
  102  6:52  Overlord x3  
  102  7:04  Hydralisk Den  
  103  7:08  Roach  
  103  7:09  Roach x4  
  103  7:15  Extractor  
  110  7:17  Drone x2  
  110  7:18  Drone x2  
  114  7:35  Drone  
  114  7:36  Drone x6  
  121  7:38  Hydralisk, Roach x3  
  129  7:44  Overseer x2  
  129  7:46  Hydralisk  
  129  7:49  Grooved Spines  
  131  7:53  Zerg Melee Weapons Level 1  
  131  7:59  Hydralisk x3  
  131  8:00  Hydralisk  
  131  8:03  Hydralisk  
  141  8:15  Drone  
  141  8:16  Drone x5  
  141  8:17  Drone x5  
  152  8:24  Extractor  
  141  8:27  Extractor  
  141  8:29  Roach  
  141  8:30  Roach x3  
  141  8:31  Roach x2  
  149  8:48  Drone  
  150  8:52  Hydralisk  
  150  8:54  Overlord x3  
  152  8:56  Infestation Pit  
  152  8:57  Overlord x2  
  151  9:04  Drone  
  152  9:27  Roach x4  
  152  9:28  Roach x7  
  158  9:49  Zergling x2  
  158  9:50  Zergling x8  
  163  9:54  Hive  
  163  9:55  Zerg Melee Weapons Level 2  
  163  9:56  Zerg Missile Weapons Level 2  
  163  9:58  Zerg Ground Armor Level 2  
  163  9:59  Muscular Augments  
  163  10:00  Hydralisk x5  
  169  10:12  Roach  
  169  10:13  Roach x5  
  141  10:25  Roach  
  141  10:26  Roach x3  
  116  10:35  Roach x2  
  116  10:36  Roach x2  
  103  10:50  Drone x4  
  103  10:53  Drone, Spine Crawler  
  103  10:55  Spine Crawler  
  103  10:56  Hydralisk x3  
  110  11:03  Drone  
  113  11:05  Queen x4  
  113  11:07  Hydralisk  
  113  11:08  Hydralisk x2  
  127  11:15  Adrenal Glands  
  127  11:25  Spine Crawler  
  124  11:32  Roach  
  114  11:33  Roach x10  
  122  11:45  Roach x9  
  134  11:48  Drone x2  
  134  12:03  Zergling x12  
  134  12:07  Ultralisk Cavern  
  137  12:09  Drone x2  
  137  12:12  Hydralisk  
  129  12:23  Queen x2  
  129  12:24  Queen x2  
  123  12:49  Roach x11  
  123  12:50  Roach x2  
  135  12:54  Chitinous Plating  
  135  12:56  Zergling x6  
  130  12:59  Queen  
  130  13:02  Drone x6  
  130  13:03  Drone x3  
  136  13:16  Hatchery  
  136  13:18  Ultralisk  
  140  13:22  Drone x2  
  140  13:23  Drone  
  133  13:40  Zergling x8  
  135  13:59  Ultralisk x2  
  141  14:03  Zergling x2  
  141  14:04  Zergling x8  
  142  14:12  Anabolic Synthesis  
  117  14:26  Zergling x2  
  117  14:28  Zergling x2  
  117  14:30  Ultralisk x2  
  101  14:46  Ultralisk  
  101  14:47  Zergling x4  
  101  15:16  Ultralisk x3  
  101  15:20  Roach x2  
  101  15:21  Roach x3  
  129  15:22  Zergling x2  
  130  15:35  Zergling x2  
  130  15:36  Zergling x4  
  130  15:38  Queen x3  
  139  15:49  Hydralisk  
  139  15:50  Hydralisk  
  139  15:51  Hydralisk  
  145  16:03  Hydralisk x4  
  153  16:05  Zergling x4  
  155  16:13  Zergling x4  
  157  16:21  Zergling x2  
  157  16:22  Zergling x16  
  158  16:43  Zergling x2  
  158  16:44  Zergling x12  
  158  16:45  Zergling x2  
Show
View Real Time Build Order
Export as new Build Order

Subwayeatn Zerg 

Build Orders: Hatch First, Roach Hydra 

Get SALT Encoding   

  12  0:00  Drone  
  13  0:13  Overlord  
  13  0:22  Drone  
  14  0:31  Drone x2  
  16  0:54  Drone  
  16  0:55  Hatchery  
  16  0:56  Drone  
  17  1:00  Extractor  
  16  1:09  Drone x2  
  18  1:30  Spawning Pool  
  18  1:32  Drone x2  
  19  1:44  Overlord  
  19  1:54  Drone  
  19  2:00  Drone  
  21  2:21  Queen x2  
  25  2:26  Drone  
  26  2:44  Roach Warren  
  25  2:48  Drone x6, Evolution Chamber  
  25  2:51  Evolution Chamber  
  29  3:01  Drone  
  29  3:02  Lair  
  29  3:05  Spine Crawler  
  29  3:07  Drone  
  30  3:12  Overlord  
  30  3:16  Drone  
  31  3:25  Drone x2  
  33  3:29  Drone x2  
  33  3:30  Drone  
  36  3:35  Drone x4  
  40  3:47  Extractor  
  40  3:48  Drone  
  40  3:49  Extractor  
  40  3:50  Overlord  
  39  4:01  Overlord x2  
  39  4:08  Drone  
  39  4:09  Drone x2  
  42  4:15  Drone x2  
  44  4:18  Overlord  
  44  4:21  Drone  
  45  4:27  Glial Reconstitution  
  45  4:41  Drone  
  46  4:54  Overlord x3  
  46  4:57  Hatchery  
  46  4:59  Burrow  
  45  5:03  Drone  
  45  5:06  Extractor  
  45  5:07  Drone x8  
  53  5:14  Zerg Missile Weapons Level 1  
  53  5:25  Queen  
  53  5:26  Drone x4  
  59  5:31  Drone  
  60  5:35  Drone  
  60  5:40  Drone  
  60  5:42  Overseer  
  62  5:45  Tunneling Claws  
  62  5:48  Drone x6  
  68  5:59  Overlord x2  
  68  6:11  Queen  
  68  6:13  Hatchery  
  69  6:27  Overlord x2  
  69  6:36  Spine Crawler x2, Queen  
  69  6:37  Overlord x5  
  69  6:55  Drone  
  69  7:01  Roach x4  
  72  7:02  Roach x7  
  92  7:11  Drone, Hydralisk Den  
  92  7:16  Zerg Missile Weapons Level 2  
  92  7:18  Roach x2  
  96  7:24  Extractor  
  96  7:25  Drone x2  
  96  7:26  Roach x2  
  96  7:27  Extractor, Roach x2  
  104  7:32  Roach x3  
  104  7:36  Ravager  
  104  7:37  Ravager x8  
  112  7:39  Roach  
  121  7:56  Overlord  
  121  7:57  Overlord  
  121  7:58  Roach x2  
  123  7:59  Roach x8  
  141  8:14  Roach  
  141  8:15  Roach x6  
  132  8:35  Roach x10  
  146  8:46  Zergling x2  
  146  8:47  Zergling x14  
  145  9:04  Grooved Spines  
  145  9:12  Drone x5  
  145  9:13  Drone  
  145  9:15  Hydralisk x5  
  161  9:20  Hatchery  
  160  9:25  Unknown  
  159  9:34  Hydralisk x6, Roach  
  171  9:40  Metabolic Boost  
  161  9:48  Zergling x20  
  171  9:54  Muscular Augments  
  171  9:59  Overlord x5  
  171  10:00  Overlord x2  
  167  10:07  Infestation Pit  
  139  10:20  Hydralisk x7  
  139  10:21  Hydralisk x2  
  115  10:41  Roach x12  
  115  10:53  Queen  
  117  10:58  Zerg Ground Armor Level 1  
  117  11:00  Hive  
  117  11:02  Hydralisk  
  117  11:03  Hydralisk x3  
  125  11:05  Zergling x2  
  125  11:06  Zergling x16  
  134  11:14  Hatchery, Queen  
  119  11:33  Hatchery  
  119  11:38  Hydralisk x4  
  119  11:39  Hydralisk x4  
  117  11:42  Roach x7  
  115  12:10  Zergling x2  
  115  12:11  Zergling x38  
  133  12:25  Roach  
  133  12:26  Roach x6  
  128  12:38  Hydralisk x5  
  109  13:22  Hydralisk  
  109  13:23  Hydralisk x15  
  129  13:34  Queen  
  129  13:40  Viper x3  
  140  13:47  Roach x2  
  140  13:48  Roach x4  
  117  14:27  Zerg Missile Weapons Level 3  
  117  14:28  Zerg Ground Armor Level 2  
  103  14:32  Hatchery  
  94  14:51  Roach x15  
  120  15:01  Roach  
  120  15:02  Roach x2  
  120  15:22  Drone x4  
  120  15:23  Drone x5  
  120  15:26  Extractor x2  
  127  15:29  Drone  
  128  16:01  Drone x6  
  134  16:05  Zergling x6  
  134  16:06  Zergling x10  
  142  16:18  Lurker Den  
  142  16:20  Hydralisk x6  
  121  16:47  Hydralisk x2, Roach  
  121  16:48  Hydralisk, Roach x7  
Tags
 
Composition
Roach Hydra
Matchup
ZvZ
Race
Zerg
Replay Pack
2025 replay dump
Spawn Locations
Cross Positions
Add a new tag
Caveats
  • Supply blocks, unpowered buildings, or Contaminate may cause inaccurate times.
  • Supply counts are checked every 10 seconds.